AoeStats
← Aura Crop Rotation

Fortress

508281627Analyzed
4v4 RM · 11d ago on Sep 21, 2026· 11m 3s· 8 players
Game mode
Random Map
Map size
Huge
Population
200
Speed
Normal
Resources
Standard
Victory
Conquest
Starting age
Dark Age
Ending age
Imperial Age
RankedLock teamsTeams togetherTeam positionsShared explorationLock speedFull tech treeHidden civsTurbo modeCheats
Victory
Defeat
🇹🇷 Bulgarians · Türkiye
392
+19
🇹🇷 Britons · Türkiye
380
+22
🇹🇷 Goths · Türkiye
377
+20
🇹🇷 Bohemians · Türkiye
350
+21
🇩🇪 Teutons · Germany
523
-22
🇬🇧 Huns · United Kingdom
480
-21
🇹🇷 Franks · Türkiye
463
-20
🇬🇧 Britons · United Kingdom
384
-17
Aura Crop Rotation
1:44 Loom
12:53 Feudal Age
greninja88
0:31 Loom
10:13 Feudal Age
10:47 Double-Bit Axe
AfC11Fan
0:30 Loom
7:25 Feudal Age
7:55 Double-Bit Axe
7:54 Horse Collar
8:05 Arson
:::METEHAN:::
2:27 Loom
11:40 Feudal Age
Mami1545
8:23 Feudal Age
8:54 Horse Collar
9:03 Double-Bit Axe
9:14 Gold Mining
9:15 Stone Mining
9:50 Town Watch
9:39 Man-at-Arms
11:39 Wheelbarrow
10:50 Loom
Berkay_co
8:15 Feudal Age
8:39 Horse Collar
9:37 Wheelbarrow
9:03 Double-Bit Axe
10:11 Town Watch
MCK
7:02 Feudal Age
7:30 Horse Collar
7:39 Double-Bit Axe
11:42 Wheelbarrow
Gamer Abi
8:26 Feudal Age
8:51 Horse Collar
8:58 Double-Bit Axe
9:53 Wheelbarrow
9:54 Town Watch
Connection lost

Rejoining the realm…

Still unreachable

The connection could not be restored.

Session expired

The server has moved on; the page needs a fresh start.